AoeStats
← zamithdaniel

Lombardia

507178790Analyzed
3v3 RM · 17d ago on Sep 17, 2026· 27m 4s· 6 players
Game mode
Random Map
Map size
Normal (6 player)
Population
200
Speed
Normal
Resources
Standard
Victory
Conquest
Starting age
Dark Age
Ending age
Imperial Age
RankedLock teamsTeams togetherTeam positionsShared explorationLock speedFull tech treeHidden civsTurbo modeCheats
Victory
Defeat
🇺🇸 Romans · United States
1170
+7
🇺🇸 Teutons · United States
850
+19
🇺🇸 Franks · United States
649
+47
🇨🇴 Turks · Colombia
965
-19
🇨🇴 Britons · Colombia
930
-18
🇨🇴 Persians · Colombia
875
-16
Agent Black
8:56 Loom
11:31 Feudal Age
15:43 Castle Age
14:10 Bloodlines
14:08 Scale Barding Armor
13:56 Horse Collar
14:03 Double-Bit Axe
25:31 Gold Mining
Cerun
3:22 Loom
3:27 Loom
4:05 Loom
12:21 Feudal Age
13:16 Double-Bit Axe
13:15 Horse Collar
15:38 Stone Mining
23:03 Arson
22:39 Man-at-Arms
27:01 Castle Age
shosmleg
8:27 Loom
11:02 Feudal Age
12:03 Double-Bit Axe
15:55 Forging
15:51 Scale Barding Armor
22:25 Castle Age
22:45 Wheelbarrow
22:52 Gold Mining
23:54 Husbandry
26:18 Bow Saw
26:48 Chain Barding Armor
Dovahkyn
5:40 Loom
11:05 Feudal Age
16:57 Castle Age
25:26 Horse Collar
zamithdaniel
12:07 Feudal Age
14:21 Double-Bit Axe
14:19 Horse Collar
20:59 Castle Age
24:57 Bow Saw
27:02 Forging
26:53 Scale Mail Armor
Griffith
12:48 Feudal Age
18:30 Scale Mail Armor
18:53 Loom
26:20 Castle Age
Connection lost

Rejoining the realm…

Still unreachable

The connection could not be restored.

Session expired

The server has moved on; the page needs a fresh start.